 Dungeon Crawl Stone Soup version 0.27.1-1-g398f81649c (webtiles) character file.

Game seed: 5312744907647590108

3093 speeev33 the Cleaver (level 9, -3/82 HPs)
             Began as a Hill Orc Fighter on Sept 12, 2021.
             Was an Initiate of Okawaru.
             Slain by an eight-headed hydra (12 damage)
             ... on level 7 of the Dungeon.
             The game lasted 00:13:13 (8438 turns).

speeev33 the Cleaver (Hill Orc Fighter)             Turns: 8438, Time: 00:13:14

Health: -3/82      AC: 13    Str: 22    XL:     9   Next: 90%
Magic:  9/9        EV:  9    Int:  6    God:    Okawaru [......]
Gold:   429        SH: 13    Dex: 10    Spells: 8/8 levels left

rFire    + + +     SeeInvis +   d - +0 flail (protect)
rCold    . . .     Faith    .   e - +2 kite shield
rNeg     . . .     Spirit   .   t - +5 ring mail of Mysticism {rF+++ Int-2 Slay-4 SInv}
rPois    .         Reflect  .   (no helmet)
rElec    .         Harm     .   n - +0 cloak {Will+}
rCorr    .         Rampage  .   (no gloves)
Will     +....                  (no boots)
Stlth    ..........             u - amulet of the acrobat
HPRegen  0.23/turn              (no ring)
MPRegen  0.11/turn              (no ring)

@: no status effects
A: no striking features
a: Renounce Religion


You were on level 7 of the Dungeon.
You worshipped Okawaru.
Okawaru was noncommittal.
You visited 2 branches of the dungeon, and saw 8 of its levels.

You collected 429 gold pieces.

Inventory:

Hand Weapons
 a - a +1 war axe of chaos
 d - a +0 flail of protection (weapon)
Missiles
 c - 3 atropa-tipped darts (quivered)
 f - 8 datura-tipped darts
Armour
 e - a +2 kite shield (worn)
 j - a +0 chain mail
 n - a +0 cloak of willpower (worn)
 p - a scarf of invisibility
 s - a +0 tower shield
 t - the +5 ring mail of Mysticism (worn) {rF+++ Int-2 Slay-4 SInv}
   (You found it on level 5 of the Dungeon)

   Int:       It affects your intelligence (-2).
   Slay:      It affects your accuracy & damage with ranged weapons and melee
   (-4).
   rF:        It renders you almost immune to fire.
   SInv:      It lets you see invisible.
Jewellery
 q - a ring of magical power
 u - an amulet of the acrobat (around neck)
Wands
 o - a wand of iceblast (7)
 x - a wand of acid (8)
Scrolls
 i - 7 scrolls of teleportation
Potions
 g - 2 potions of cancellation
 h - a potion of mutation {unknown}
 k - a potion of heal wounds
 l - a potion of attraction {unknown}
 m - a potion of lignification {unknown}
 r - a potion of brilliance {unknown}
 v - a potion of flight {unknown}
 w - a potion of invisibility {unknown}


   Skills:
 + Level 8.9 Fighting
 + Level 9.2 Axes
 + Level 8.1 Armour
 + Level 8.1 Shields


You had 8 spell levels left.
You didn't know any spells.
Your spell library contained the following spells:

 Spells                   Type           Power      Damage    Failure   Level
 Ozocubu's Armour         Ice            0%         N/A       99%         3
 Metabolic Englaciation   Hex/Ice        0%         N/A       100%        5
 Simulacrum               Ice/Necr       0%         N/A       100%        6


Dungeon Overview and Level Annotations

Branches:
Dungeon (7/15)             Temple (1/1) D:7

Altars:
Ashenzari
Cheibriados
Dithmenos
Fedhas
Hepliaklqana
Kikubaaqudgha
Okawaru
Qazlal
Trog
Vehumet
Wu Jian
Xom
Yredelemnul
Zin

Annotations:
D:5 Prince Ribbit


Message History

The eight-headed hydra bites you but does no damage.
You block the eight-headed hydra's attack.
The eight-headed hydra bites you.
* * * LOW HITPOINT WARNING * * *
You see here a +0 robe.
Aiming: Corrosive Bolt
Press: ? - help, Shift-Dir - straight line, f - jelly, p - eight-headed hydra
Aim: a jelly (100% to hit)
The bolt of acid hits the eight-headed hydra!
The eight-headed hydra is splashed with acid!
The acid corrodes the eight-headed hydra!
The eight-headed hydra is severely wounded.
The bolt of acid hits the gargoyle.
The gargoyle is splashed with acid.
The acid corrodes the gargoyle!
The gargoyle is moderately damaged.
The bolt of acid hits the jelly.
The jelly completely resists.
The bolt of acid hits the white imp!
The white imp is splashed with acid.
You kill the white imp!
Okawaru accepts your kill.
Aiming: Corrosive Bolt
Press: ? - help, Shift-Dir - straight line, f - eight-headed hydra, p - jelly
Aim: an eight-headed hydra (severely wounded, covered in acid, 90% to hit)
The bolt of acid hits the eight-headed hydra!
The eight-headed hydra is splashed with acid.
The eight-headed hydra is almost dead.
The bolt of acid hits the gargoyle!
The gargoyle is splashed with acid.
The gargoyle seems to be corroded for longer.
The gargoyle is almost destroyed.
The bolt of acid hits the jelly.
The jelly completely resists.
The eight-headed hydra bites you but does no damage.
The eight-headed hydra bites you.
* * * LOW HITPOINT WARNING * * *
The eight-headed hydra bites you!
* * * LOW HITPOINT WARNING * * *
The eight-headed hydra bites you but does no damage.
You block the eight-headed hydra's attack.
The eight-headed hydra misses you.
You block the eight-headed hydra's attack.
The eight-headed hydra bites you!
You die...

._._....#..#####.#####.#
..8........# #.# #.#
._._....#..# #.# #.#
......9.#..# #.# #.#
.....5.##..#####.#####.#
...D.J##........J......#
.....##..#.#####9####..#
##.### . .# #D# #..# ...
.. .. #@# #..# .## #.#
#..# # .#.###.####..#
............<.#
#.#.########.## #.# #.#
#.# #.#


You could see an eight-headed hydra (corroded), a gargoyle (corroded) and a
jelly.

Vanquished Creatures
  The ghost of ZARRMARR the Sneak, a novice OpBr (D:6)
  Grinder (D:6)
  Sigmund (D:6)
  Eustachio (D:6)
  A steam dragon (D:5)
  Menkaure (D:5)
  Edmund (D:4)
  A hornet zombie (D:7)
  6 ogres
  A centaur (D:6)
  2 phantoms
  2 bullfrogs
  4 scorpions
  A water moccasin skeleton (D:6)
  A bullfrog zombie (D:5)
  3 hounds
  A centaur skeleton (D:5)
  A gnoll shaman (D:6)
  2 bullfrog skeletons
  Crazy Yiuf (D:4)
  6 iguanas
  8 gnolls
  A howler monkey skeleton (D:5)
  13 adders
  3 white imps
  An adder skeleton (D:4)
  5 worms
  3 dart slugs
  3 orcs
  8 bats
  9 endoplasms
  A giant cockroach (D:1)
  7 goblins
  9 hobgoblins
  2 frilled lizards
  8 kobolds
  4 rats
124 creatures vanquished.

Notes
Turn   | Place    | Note
-------+----------+-------------------------------------------
     0 | D:1      | speeev33 the Hill Orc Fighter began the quest for the Orb.
     0 | D:1      | Reached XP level 1. HP: 19/19 MP: 1/1
   281 | D:1      | Reached skill level 3 in Axes
   281 | D:1      | Reached XP level 2. HP: 8/27 MP: 2/2
  1241 | D:2      | Reached XP level 3. HP: 17/33 MP: 3/3
  1975 | D:3      | Found a faded altar of an unknown god.
  2125 | D:3      | Found a basalt altar of Yredelemnul.
  2125 | D:3      | Found a shadowy altar of Dithmenos.
  2163 | D:3      | Reached XP level 4. HP: 8/40 MP: 4/4
  3405 | D:4      | Reached skill level 4 in Axes
  3405 | D:4      | Reached XP level 5. HP: 46/47 MP: 5/5
  3581 | D:4      | Noticed Edmund
  3592 | D:4      | Killed Edmund
  3593 | D:4      | Reached skill level 5 in Fighting
  3593 | D:4      | Reached XP level 6. HP: 34/56 MP: 6/6
  3820 | D:4      | Found a bloodstained altar of Trog.
  3869 | D:4      | Reached skill level 5 in Axes
  4011 | D:4      | Found a runed translucent door.
  4012 | D:4      | Noticed Crazy Yiuf
  4020 | D:4      | Killed Crazy Yiuf
  4380 | D:5      | Entered Level 5 of the Dungeon
  4400 | D:5      | Reached skill level 5 in Armour
  4400 | D:5      | Reached skill level 5 in Shields
  4400 | D:5      | Reached XP level 7. HP: 53/61 MP: 7/7
  4675 | D:5      | Noticed Menkaure
  4677 | D:5      | Killed Menkaure
  4913 | D:5      | Reached skill level 6 in Axes
  4937 | D:5      | Reached XP level 8. HP: 14/71 MP: 8/8
  5245 | D:5      | Noticed Prince Ribbit
  5719 | D:5      | Identified the +5 ring mail of Mysticism {rF+++ Int-2
                  | Slay-4 SInv}
  6107 | D:5      | Found the +9 staff of Olgreb {rPois∞}
  6259 | D:5      | Reached skill level 7 in Axes
  6622 | D:6      | Noticed Grinder
  6631 | D:6      | Noticed Eustachio
  6946 | D:6      | Noticed Sigmund
  6952 | D:6      | Killed Sigmund
  6953 | D:6      | Reached XP level 9. HP: 71/79 MP: 9/9
  6984 | D:6      | Found a transporter.
  6985 | D:6      | Noticed ZARRMARR's ghost (novice OpBr)
  6985 | D:6      | Identified the +10 great mace of Perainec {drain, Str+4}
  6990 | D:6      | Found a transporter.
  7030 | D:6      | Reached skill level 8 in Axes
  7392 | D:6      | Found a radiant altar of Vehumet.
  7402 | D:6      | Killed Eustachio
  7408 | D:6      | Killed Grinder
  7859 | D:6      | Killed ZARRMARR's ghost
  7864 | D:6      | Reached skill level 9 in Axes
  8127 | D:7      | Found a staircase to the Ecumenical Temple.
  8151 | Temple   | Entered the Ecumenical Temple
  8178 | Temple   | Became a worshipper of Warmaster Okawaru
  8380 | D:7      | Found an ancient bone altar of Kikubaaqudgha.
  8381 | D:7      | Found a glowing silver altar of Zin.
  8382 | D:7      | Found a bloodstained altar of Trog.
  8382 | D:7      | Found a blossoming altar of Fedhas.
  8388 | D:7      | Noticed a gargoyle
  8393 | D:7      | Noticed an eight-headed hydra
  8438 | D:7      | Slain by an eight-headed hydra

Illustrated notes

Levels and vault maps discovered:
D:1:      scummos_arrival_simple_fountains, layout_loops_ring
D:2:      layout_rooms
D:3:      layout_loops_ring, jmf_multi_god_temple,
          chequers_ecumenical_altar_simple_redux, chequers_arboretum
D:4:      layout_basic, trog_book, kennysheep_nub, feat_on_display,
          uniq_crazy_yiuf_cottage, uniq_edmund
D:5:      minmay_razor_zed, layout_loops_corners, kennysheep_crisscross,
          st_stairs_13, uniq_prince_ribbit1, uniq_menkaure
D:6:      layout_cave_pools, nicolae_vehumet_radiance, gammafunk_ghost_smash,
          uniq_grinder, uniq_sigmund, uniq_eustachio
D:7:      minmay_the_grid_octo_tiled_squarecenter [minmay_the_grid_octo_shrine,
          minmay_the_grid_octo_focus, minmay_the_grid_octo_odd_swirl,
          minmay_the_grid_octo_clover_2,
          minmay_the_grid_square_5x5_megaprize_diamond,
          minmay_the_grid_square_5x5_hollow_slash,
          minmay_the_grid_square_5x5_inverted_slash,
          minmay_the_grid_square_5x5_sharp_hourglass,
          minmay_the_grid_square_5x5_minibox], layout_loops_ring, serial_shops,
          nicolae_shop_trees, uniq_joseph
Temple:   regret_index_temple_sphere_string

Skill      XL: |  1  2  3  4  5  6  7  8  9 |
---------------+----------------------------+-----
Axes           | 3 4 5 6 7 9 |  9.2
Fighting       | 4 5 6 7 8 |  8.9
Shields        | 4 5 7 8 |  8.1
Armour         | 4 5 6 8 |  8.1

Action                   |  1- 3 |  4- 6 |  7- 9 || total
-------------------------+-------+-------+-------++-------
Melee: War axe           |   109 |   145 |   248 ||   502
       Flail             |       |       |     9 ||     9
Throw: Throwing net      |       |       |     3 ||     3
Evoke: Wand              |       |       |     7 ||     7
  Use: Scroll            |     4 |       |     3 ||     7
       Potion            |       |     1 |     4 ||     5
 Stab: Paralysed         |       |       |     4 ||     4
       Held in net/web   |       |       |     1 ||     1
Armor: Scale mail        |    21 |       |       ||    21
       Chain mail        |    30 |    63 |    35 ||   128
       Ring mail         |       |       |   150 ||   150
Dodge: Dodged            |    19 |    24 |   195 ||   238
Block: Kite shield       |    54 |    83 |   265 ||   402
